 Dungeon Crawl Stone Soup version 0.23-a0-667-gc184e93 (webtiles) character file.

39 Lanoc the Skirmisher (level 3, -1/29 HPs)
             Began as a Demonspawn Chaos Knight on Jan 8, 2019.
             Was a Plaything of Xom.
             Slain by a gnoll
             ... wielding a +0 spear
              (7 damage)
             ... on level 2 of the Dungeon.
             The game lasted 00:01:21 (485 turns).

Lanoc the Skirmisher (Demonspawn Chaos Knight)       Turns: 485, Time: 00:01:22

Health: -1/29      AC:  8    Str: 13    XL:     3   Next: 26%
Magic:  3/3        EV: 11    Int: 13    God:    Xom [..*...]
Gold:   70         SH:  0    Dex: 14    Spells: 2/2 levels left

rFire    . . .     SeeInvis .   a - +0 falchion (chaos)
rCold    . . .     Gourm    .   (no shield)
rNeg     . . .     Faith    .   b - +2 leather armour
rPois    .         Spirit   .   (no helmet)
rElec    .         Reflect  .   (no cloak)
rCorr    .         Harm     .   (no gloves)
MR       .....                  i - +2 pair of boots
Stlth    ++........             (no amulet)
HPRegen  0.09/turn              (no ring)
MPRegen  0.08/turn              (no ring)

@: slowed, very slow
A: talons 1, thin skeletal structure 1
a: Renounce Religion


You were on level 2 of the Dungeon.
You worshipped Xom.
You were a toy of Xom.
You were not hungry.

You visited 1 branch of the dungeon, and saw 2 of its levels.

You collected 70 gold pieces.

Inventory:

Hand Weapons
 a - a +0 falchion of chaos (weapon)
Armour
 b - a +2 leather armour (worn)
 i - a +2 pair of boots (worn)
Scrolls
 d - a scroll of noise {unknown}
 g - a scroll of teleportation {unknown}
 h - a scroll of identify {unknown}
Potions
 e - a potion of agility {unknown}
Comestibles
 c - 3 rations
 f - 5 chunks of flesh


   Skills:
 + Level 3.3 Fighting
 * Level 3.2 Long Blades
 + Level 2.1 Armour
 + Level 1.4 Dodging


You had 2 spell levels left.
You didn't know any spells.
Your spell library was empty.

Dungeon Overview and Level Annotations

Branches:
Dungeon (2/15)

Altars:
The Shining One


Innate Abilities, Weirdness & Mutations

You have sharp toenails.
You have a somewhat thin skeletal structure. (Dex +2, Stealth)


Message History

A gnoll comes into view. It is wielding a -2 flail.
A gnoll comes into view. It is wielding a +0 spear.
The gnoll shouts! x2
A giant cockroach comes into view.
A gnoll comes into view. It is wielding a +0 halberd.
The gnoll barely misses you. The gnoll hits you but does no damage.
You hit the gnoll.
The gnoll is poisoned.
The gnoll is heavily wounded.
The gnoll hits you with a +0 spear.
The gnoll hits you from afar with a +0 spear.
You barely miss the gnoll.
The gnoll is heavily wounded.
The gnoll hits you but does no damage.
The gnoll hits you from afar with a +0 spear!
The gnoll hits you with a cursed -2 flail.
The gnoll hits you with a +0 spear.
* * * LOW HITPOINT WARNING * * *
The gnoll hits you from afar with a +0 spear!
You die...
Xom chuckles heartily!

#.....# #.....# ##### #.....#
#...# #..<..# #...# ####...
#######...# #......##
#.........###########.... ..
+.......[gg?g... ...... #.#
#.).†...@#### .##.... #.#.#
###.#....gs....... ...... #.#.#
#.####.#####... ######
#.#.#####.# #.# #....
.##.#....##.# #.# #.###
............# #.# ##########....
.........#######.##.........#...#
#.....##.........#..#######.#..((
###+#.##+##....##...# ### #.#)###


You could see 4 gnolls and a giant cockroach.

Vanquished Creatures
  A worm (D:2)
  2 dart slugs (D:2)
  2 leopard geckos
  4 bats
  2 giant cockroaches (D:1)
  A goblin (D:1)
  2 hobgoblins
  4 jackals (D:1)
  A quokka (D:2)
  4 kobolds (D:2)
  4 rats
27 creatures vanquished.

Vanquished Creatures (others)
  A hobgoblin (D:2)
1 creature vanquished.

Grand Total: 28 creatures vanquished

Notes
Turn   | Place    | Note
-------+----------+-------------------------------------------
     0 | D:1      | Lanoc the Demonspawn Chaos Knight began the quest for the
                  | Orb.
     0 | D:1      | Reached XP level 1. HP: 18/18 MP: 1/1
    43 | D:1      | Reached skill level 1 in Dodging
    62 | D:1      | XOM: divination: detect items
    79 | D:1      | XOM: potion effect (might)
    84 | D:1      | Gained mutation: You have sharp toenails. [demonic
                  | ancestry]
    84 | D:1      | Reached XP level 2. HP: 12/24 MP: 2/2
   246 | D:1      | XOM: harmless Air miscast
   339 | D:2      | XOM: harmless Ice miscast
   340 | D:2      | XOM: harmless Air miscast
   351 | D:2      | Gained mutation: You have a somewhat thin skeletal
                  | structure. (Dex +2, Stealth) [demonic ancestry]
   351 | D:2      | Reached XP level 3. HP: 29/29 MP: 3/3
   420 | D:2      | Found a glowing golden altar of the Shining One.
   481 | D:2      | XOM: mild Necr miscast
   485 | D:2      | Slain by a gnoll

Vault maps used:
D:1:      minmay_arrival_loop
D:2:      lemuel_doored_altar, minitemple, first_ration,
          chequers_ecumenical_altar_grove, grunt_qazlal_clouds

Skill      XL: |  1  2 |
---------------+-------+-----
Dodging        | 1 |  1.4
Long Blades    | 3 |  3.2
Armour         | 2 |  2.1
Fighting       | |  3.3

Action                   || total
-------------------------++-------
Melee: Falchion          ||    54
       Kick              ||     2
Armor: Leather armour    ||    21
Dodge: Dodged            ||    34
       Rpst.: Falchion   ||     8

Table legend:
 A = Non-vault XP
 B = Vault XP
 C = Vault XP percentage of total XP
 D = Non-vault monster count
 E = Vault monster count
 F = Vault count percentage of total count
                 A         B        C        D         E       F
            +---------+---------+-------+---------+---------+-------
      Total |      56 |       0 |   0.0 |      27 |       0 |   0.0
            +---------+---------+-------+---------+---------+-------
        D:1 |      27 |       0 |   0.0 |      14 |       0 |   0.0
        D:2 |      29 |       0 |   0.0 |      13 |       0 |   0.0
            +---------+---------+-------+---------+---------+-------
